 Dungeon Crawl Stone Soup version 0.24.0-123-gd5b16e6ec5 (webtiles) character file.

Game seed: 14923626761944017559, levelgen mode: deterministic

58347 Peloso the Peltast (level 14, -4/129 HPs)
             Began as a Minotaur Fighter on Dec 24, 2019.
             Was the Champion of Okawaru.
             Killed by divine providence
             ... invoked by a meliai
              (13 damage)
             ... on level 15 of the Dungeon.
             The game lasted 01:01:41 (17997 turns).

Peloso the Peltast (Minotaur Fighter)              Turns: 17997, Time: 01:01:42

Health: -4/129     AC: 24    Str: 24    XL:     14   Next: 49%
Magic:  0/14       EV: 11    Int:  5    God:    Okawaru [******]
Gold:   1322       SH: 16    Dex: 12    Spells: 13/13 levels left

rFire    . . .     SeeInvis .   a - +3 scimitar (elec)
rCold    + . .     Gourm    .   c - +2 shield
rNeg     . . .     Faith    .   L - +7 chain mail of Subjectivity {MR+ rCorr Slay+3}
rPois    .         Spirit   +   (helmet restricted)
rElec    .         Reflect  .   y - scarf {Spirit}
rCorr    +         Harm     .   i - +2 pair of gloves
MR       ++...                  n - +0 pair of boots
Stlth    ..........             I - amulet of regeneration
HPRegen  0.71/turn              (no ring)
MPRegen  0.14/turn              A - ring of protection from cold

@: drained
A: retaliatory headbutt, horns 2
a: Heroism, Finesse, Renounce Religion


You were on level 15 of the Dungeon.
You worshipped Okawaru.
Okawaru was exalted by your worship.
You were not hungry.

You visited 3 branches of the dungeon, and saw 22 of its levels.
You also visited: Sewer and Ice Cave.

You collected 1322 gold pieces.

Inventory:

Hand Weapons
 a - a +3 scimitar of electrocution (weapon)
 b - the +1 long sword of Nyhamah {slice, Int+4}
   (Okawaru gifted it to you on level 5 of the Lair of Beasts)

   It inflicts extra damage upon your enemies.
   It affects your intelligence (+4).
Armour
 c - a +2 shield (worn)
 i - a +2 pair of gloves (worn)
 n - a +0 pair of boots (worn)
 y - a scarf of spirit shield (worn)
 K - a +1 cloak
 L - the +7 chain mail of Subjectivity (worn) {MR+ rCorr Slay+3}
   (You found it on level 11 of the Dungeon)

   It affects your accuracy and damage with ranged weapons and melee attacks
   (+3).
   It affects your resistance to hostile enchantments.
   It provides partial protection from all sources of acid and corrosion.
Jewellery
 x - an uncursed ring of see invisible
 z - an uncursed ring of poison resistance
 A - a ring of protection from cold (right hand)
 F - an uncursed ring of protection from fire
 I - an amulet of regeneration (around neck)
Wands
 l - a wand of iceblast (6)
 s - a wand of acid (9)
 B - a wand of digging (5)
Scrolls
 d - 2 scrolls of identify
 g - 12 scrolls of remove curse
 h - a scroll of blinking
 m - 6 scrolls of magic mapping
 o - 4 scrolls of immolation {unknown}
 p - 4 scrolls of fog {unknown}
 r - 3 scrolls of random uselessness {unknown}
 t - 7 scrolls of amnesia {unknown}
 D - 2 scrolls of teleportation
 E - 4 scrolls of fear {unknown}
Potions
 e - 2 potions of flight
 j - a potion of resistance
 k - 2 potions of curing
 q - a potion of haste
 u - a potion of berserk rage
 v - a potion of brilliance
 J - 4 potions of might
 U - 2 potions of agility
Comestibles
 f - 45 rations


   Skills:
 + Level 13.0(11.9) Fighting
 + Level 16.1(14.9) Long Blades
 + Level 12.3(11.2) Armour
 + Level 6.6(5.6) Dodging
 + Level 2.0(1.2) Stealth
 + Level 16.5(15.3) Shields
 + Level 2.5(1.6) Invocations
 + Level 0.3(0.0) Evocations


You had 13 spell levels left.
You didn't know any spells.
Your spell library contained the following spells:

 Spells                   Type           Power        Failure   Level  Hunger
 Confusing Touch          Hex            #.....       95%         1    ##.....
 Sting                    Conj/Pois      #...         95%         1    ##.....
 Summon Butterflies       Summ           #.......     95%         1    ##.....
 Call Canine Familiar     Summ           #.......     100%        3    ####...
 Confuse                  Hex            #.......     100%        3    ####...
 Gell's Gravitas          Tloc           #.........   100%        3    ####...
 Mephitic Cloud           Conj/Pois/Air  #.......     100%        3    ####...
 Ice Form                 Ice/Tmut       #.......     100%        4    #####..
 Petrify                  Tmut/Erth      #.......     100%        4    #####..
 Summon Ice Beast         Ice/Summ       #.......     100%        4    #####..
 Agony                    Necr           #.......     100%        5    ######.
 Dispel Undead            Necr           #.......     100%        5    ######.
 Irradiate                Conj/Tmut      #.........   100%        5    ######.
 Metabolic Englaciation   Hex/Ice        #.........   100%        5    ######.
 Summon Mana Viper        Hex/Summ       #.......     100%        5    ######.
 Yara's Violent Unravell  Hex/Tmut       #.........   100%        5    ######.
 Bolt of Cold             Conj/Ice       #.........   100%        6    #######
 Death Channel            Necr           #.........   100%        6    #######
 Freezing Cloud           Conj/Ice/Air   #.........   100%        6    #######
 Hydra Form               Tmut           #.........   100%        6    #######
 Ozocubu's Refrigeration  Ice            #.........   100%        6    #######
 Simulacrum               Ice/Necr       #.........   100%        6    #######
 Statue Form              Tmut/Erth      #........    100%        6    #######
 Dragon Form              Tmut           #.........   100%        7    #######
 Summon Hydra             Summ           #.........   100%        7    #######


Dungeon Overview and Level Annotations

Branches:
Dungeon (14/15)            Temple (1/1) D:7            Lair (6/6) D:10
 Shoals (0/4) Lair:2        Snake (0/4) Lair:3        Slime (0/5) Lair:5
    Orc (0/2) D:9          Vaults (0/5) D:13         Depths (0/5) D:15
  Sewer (visited)           IceCv (visited)

Altars:
Ashenzari
Cheibriados
Elyvilon
Fedhas
Gozag
Hepliaklqana
Makhleb
Nemelex Xobeh
Okawaru
Qazlal
Ru
Sif Muna
Trog
Uskayaw
Vehumet
Wu Jian
Yredelemnul
Zin
The Shining One
Jiyva

Shops:
D:5 :   D:6 :**(

Annotations:
D:9 3 runed translucent doors, twino's ghost, journeyman MiBe
Lair:5 2 transporters, Plazmod's ghost, journeyman DECj


Innate Abilities, Weirdness & Mutations

You reflexively headbutt those who attack you in melee.
You have a pair of horns on your head.


Message History

The meliai stings you but does no damage.
The meliai invokes the aid of its god against you.
Something smites you!
* * * LOW HITPOINT WARNING * * *
You slash the meliai! Lightning courses through the meliai!
You kill the meliai!
Okawaru accepts your kill.
The orc no longer looks unusually strong.
Unknown command.
You hit the meliai but do no damage. You block the meliai's attack.
The meliai barely misses you.
Unknown command.
You slash the meliai! You headbutt the meliai.
The meliai is almost dead.
The meliai mumbles some strange prayers to its god against you.
Something smites you!
* * * LOW HITPOINT WARNING * * *
The meliai calls down the wrath of its god upon you.
Something smites you!
You die...

##..♣.
#......
'....♣♣
#####....PP
#..........
#..........
#.....o.#
#....o#######
#.....oy@...+
#....)#######
#.....#
#######


You could see an orc warrior, a meliai and an orc.

Vanquished Creatures
  A frost giant (IceCv)
  Snorg (Lair:4)
  A vault guard (D:13)
  4 hydras
  A centaur warrior (D:13)
  A two-headed ogre (D:13)
  2 death yaks
  An unseen horror (D:12)
  A flayed ghost (D:15)
  An orc knight (D:15)
  A harpy (shapeshifter) (D:13)
  4 oklob plants (Lair:5)
  3 deep elf magi
  2 ugly things
  Maurice (D:12)
  3 cyclopes
  9 elephants
  A centaur zombie (D:13)
  A merfolk siren (Lair:2)
  20 spiny frogs
  2 komodo dragons (Lair:1)
  3 rime drakes
  12 polar bears (IceCv)
  A guardian mummy (D:15)
  2 trolls
  A queen bee (Lair:1)
  2 meliai (D:15)
  19 blink frogs
  Grinder (D:6)
  9 hippogriffs
  3 slime creatures (D:13)
  A vampire (D:13)
  4 wyverns
  46 yaks
  2 basilisks
  5 humans (D:6)
  A hungry ghost (D:7)
  A vampire mosquito (Lair:6)
  A soldier ant (D:13)
  13 water moccasins
  5 porcupines
  A hornet zombie (D:13)
  9 orc warriors
  A black bear (D:12)
  3 sky beasts
  6 ice beasts
  4 phantoms
  A necrophage (D:7)
  14 wolves
  8 ogres
  8 centaurs
  17 crocodiles
  3 big kobolds
  29 bullfrogs
  A water moccasin zombie (D:11)
  6 scorpions
  36 killer bees
  8 wights
  An electric eel (Lair:2)
  6 crimson imps
  2 bullfrog zombies
  2 quasits
  11 hounds
  12 orc wizards
  2 centaur skeletons
  An orc priest (D:11)
  Crazy Yiuf (D:5)
  5 bullfrog skeletons
  2 iguanas
  8 worker ants
  A howler monkey zombie (D:10)
  2 worker ant zombies
  15 adders
  6 gnolls (D:3)
  5 shadow imps
  12 white imps (Lair:5)
  4 oozes
  5 adder skeletons
  3 adder zombies
  4 worms
  3 dart slugs
  6 leopard geckos
  46 orcs
  14 bats
  A giant cockroach (D:1)
  6 goblins
  10 hobgoblins
  12 jackals
  7 quokkas
  2 ball pythons (D:1)
  6 frilled lizards
  A giant cockroach zombie (D:5)
  A jackal skeleton (D:6)
  A jackal zombie (D:8)
  16 kobolds
  8 rats
  A butterfly (Lair:2)
  3 plants
602 creatures vanquished.

Vanquished Creatures (others)
  3 fungi
  48 plants
51 creatures vanquished.

Grand Total: 653 creatures vanquished

Notes
Turn   | Place    | Note
-------+----------+-------------------------------------------
     0 | D:1      | Peloso the Minotaur Fighter began the quest for the Orb.
     0 | D:1      | Reached XP level 1. HP: 19/19 MP: 0/0
   143 | D:1      | Reached XP level 2. HP: 16/27 MP: 1/1
   458 | D:1      | Reached XP level 3. HP: 33/33 MP: 2/2
   635 | D:2      | Found a hazy altar of Hepliaklqana.
  1007 | D:2      | Reached skill level 1 in Dodging
  1007 | D:2      | Reached XP level 4. HP: 40/40 MP: 3/3
  1020 | D:2      | Found a sparkling altar of Nemelex Xobeh.
  1020 | D:2      | Found a glowing silver altar of Zin.
  1217 | D:3      | Found a faded altar of an unknown god.
  1728 | D:3      | Reached XP level 5. HP: 46/46 MP: 4/4
  1792 | D:3      | Reached skill level 5 in Shields
  2217 | D:4      | Found a snail-covered altar of Cheibriados.
  2320 | D:4      | Reached XP level 6. HP: 49/52 MP: 5/5
  2327 | D:4      | Found a shimmering blue altar of Sif Muna.
  2489 | D:4      | Reached skill level 5 in Long Blades
  2871 | D:4      | Found a white marble altar of Elyvilon.
  3111 | D:4      | Found a sacrificial altar of Ru.
  3220 | D:5      | Entered Level 5 of the Dungeon
  3233 | D:5      | Reached skill level 5 in Armour
  3233 | D:5      | Reached XP level 7. HP: 60/60 MP: 6/6
  3352 | D:5      | Reached skill level 1 in Stealth
  3355 | D:5      | Found Beximoew's Book Shoppe.
  3531 | D:5      | Reached XP level 8. HP: 46/67 MP: 7/7
  3746 | D:5      | Reached skill level 5 in Fighting
  3765 | D:5      | Found a runed translucent door.
  3766 | D:5      | Noticed Crazy Yiuf
  4501 | D:5      | Killed Crazy Yiuf
  4550 | D:6      | Found a glowing drain.
  4559 | Sewer    | Entered a sewer
  4705 | D:6      | Found Erucym's Assorted Antiques.
  4768 | D:6      | Found Fabliq's Book Emporium.
  4862 | D:6      | Found a sacrificial altar of Ru.
  4883 | D:6      | Noticed Grinder
  4900 | D:6      | Killed Grinder
  4900 | D:6      | Reached XP level 9. HP: 58/75 MP: 8/8
  4902 | D:6      | Found Pepimp's Assorted Antiques.
  5150 | D:6      | Found a burning altar of Makhleb.
  5225 | D:6      | Found Vihopum's Antique Weapon Shoppe.
  5402 | D:6      | Found an opulent altar of Gozag.
  5402 | D:6      | Noticed a cyclops
  5411 | D:6      | Killed a cyclops
  5411 | D:6      | Reached skill level 10 in Long Blades
  6133 | D:7      | Found a staircase to the Ecumenical Temple.
  6143 | Temple   | Entered the Ecumenical Temple
  6229 | Temple   | Became a worshipper of Warmaster Okawaru
  6468 | D:7      | Reached XP level 10. HP: 71/84 MP: 9/9
  6544 | D:7      | Reached * piety under Okawaru
  6798 | D:8      | Reached skill level 10 in Shields
  7374 | D:9      | Found a runed translucent gate.
  7374 | D:9      | Found a runed translucent gate.
  7374 | D:9      | Found a runed translucent gate.
  7374 | D:9      | Noticed twino's ghost (journeyman MiBe)
  7534 | D:9      | Found a staircase to the Orcish Mines.
  7559 | D:9      | Found a glowing golden altar of the Shining One.
  7611 | D:9      | Reached ** piety under Okawaru
  8000 | D:9      | Found a bloodstained altar of Trog.
  8478 | D:10     | Entered Level 10 of the Dungeon
  8655 | D:10     | Found a staircase to the Lair.
  8655 | D:10     | Noticed a death yak
  8694 | D:10     | Killed a death yak
  8694 | D:10     | Reached *** piety under Okawaru
  8694 | D:10     | Reached XP level 11. HP: 71/94 MP: 8/10
  9004 | D:10     | Reached **** piety under Okawaru
  9741 | D:11     | Noticed a white ugly thing
  9756 | D:11     | Killed a white ugly thing
 10056 | D:11     | Got a scorched chain mail
 10067 | D:11     | Identified the +7 chain mail of Subjectivity {MR+ rCorr
                  | Slay+3} (You found it on level 11 of the Dungeon)
 10113 | D:11     | Got a heavily runed ring mail
 10124 | D:11     | Identified the +1 ring mail of Kenisagyec {+Fly Int+3} (You
                  | found it on level 11 of the Dungeon)
 10396 | D:12     | Noticed a deep elf mage
 10426 | D:12     | Killed a deep elf mage
 10573 | D:12     | Found Barchess's Gadget Boutique.
 10702 | D:12     | Killed an unseen horror
 10756 | D:12     | Noticed a brown ugly thing
 10763 | D:12     | Killed a brown ugly thing
 10763 | D:12     | Received a gift from Okawaru
 10861 | D:12     | Reached ***** piety under Okawaru
 10957 | D:12     | Noticed a deep elf mage
 10968 | D:12     | Killed a deep elf mage
 10968 | D:12     | Received a gift from Okawaru
 11070 | D:12     | Noticed Maurice
 11094 | D:12     | Killed Maurice
 11206 | Lair:1   | Entered Level 1 of the Lair of Beasts
 11218 | Lair:1   | Received a gift from Okawaru
 11258 | Lair:1   | Identified Sif Muna's Collected Works on Venomous Stolen
                  | Souls
 11339 | Lair:1   | Reached XP level 12. HP: 76/106 MP: 11/11
 11420 | Lair:1   | Reached skill level 10 in Fighting
 11825 | Lair:1   | Received a gift from Okawaru
 12148 | Lair:2   | Got a twisted quarterstaff
 12182 | Lair:2   | Noticed a five-headed hydra
 12205 | Lair:2   | Killed an eight-headed hydra
 12205 | Lair:2   | Reached skill level 10 in Armour
 12224 | Lair:2   | Reached skill level 5 in Dodging
 12254 | Lair:2   | Found a staircase to the Shoals.
 12342 | Lair:2   | Noticed a seven-headed hydra
 12356 | Lair:2   | Killed a ten-headed hydra
 12356 | Lair:2   | Reached skill level 1 in Invocations
 12366 | Lair:2   | Received a gift from Okawaru
 12899 | Lair:2   | Identified the +5 quarterstaff of Reok {freeze, rC+ MR+
                  | Dex-3 SInv} (You found it on level 2 of the Lair of Beasts)
 12998 | Lair:3   | You fall into a shaft and drop 2 floors!
 12999 | Lair:5   | You fall into a shaft and drop 1 floor!
 12999 | Lair:6   | Entered Level 6 of the Lair of Beasts
 13020 | Lair:5   | Found a transporter.
 13024 | Lair:5   | Noticed Plazmod's ghost (journeyman DECj)
 13031 | Lair:5   | Noticed a six-headed hydra
 13033 | Lair:5   | Reached skill level 15 in Long Blades
 13050 | Lair:5   | Found a frozen archway.
 13090 | IceCv    | Entered an ice cave
 13111 | IceCv    | Reached XP level 13. HP: 115/115 MP: 13/13
 13139 | IceCv    | Got a pitted broad axe
 13171 | IceCv    | Reached ****** piety under Okawaru
 13174 | IceCv    | Received a gift from Okawaru
 13196 | IceCv    | Identified the +3 broad axe of Seh Miti {venom, Str+4 SInv}
                  | (You found it in an ice cave)
 13405 | IceCv    | Noticed a frost giant
 13430 | IceCv    | Killed a frost giant
 13584 | IceCv    | Got a warped scale mail
 14215 | Lair:5   | Reached skill level 15 in Shields
 14385 | Lair:5   | Identified the +2 scale mail of the Endless Expanse {rC+
                  | rN+ Slay+3} (You found it in an ice cave)
 14447 | Lair:5   | Received a gift from Okawaru
 14571 | Lair:5   | Got a polished long sword {god gift}
 14572 | Lair:5   | Identified the +1 long sword of Nyhamah {slice, Int+4}
                  | (Okawaru gifted it to you on level 5 of the Lair of Beasts)
 14592 | Lair:5   | Found a transporter.
 14655 | Lair:5   | Found a viscous altar of Jiyva.
 14655 | Lair:5   | Found a staircase to the Slime Pits.
 15150 | Lair:4   | Noticed Snorg
 15160 | Lair:4   | Killed Snorg
 15252 | Lair:4   | Received a gift from Okawaru
 15619 | Lair:4   | You fall into a shaft and drop 2 floors!
 15689 | Lair:6   | Reached XP level 14. HP: 127/127 MP: 14/14
 16203 | Lair:3   | Found a staircase to the Snake Pit.
 16764 | Lair:1   | Identified a scroll of acquirement
 17350 | D:13     | Received a gift from Okawaru
 17704 | D:13     | Found a gate to the Vaults.
 17748 | D:13     | Received a gift from Okawaru
 17956 | D:14     | You fall into a shaft and drop 1 floor!
 17956 | D:15     | Entered Level 15 of the Dungeon
 17956 | D:15     | Found a staircase to the Depths.
 17997 | D:15     | Killed from afar by a meliai

Levels and vault maps discovered:
D:1:      dpeg_arrival_yet_another_circle, layout_basic, serial_bayou_pond_a
D:2:      cheibrodos_helix_gallery, layout_rooms,
          nicolae_overflow_crystal_walls, gammafunk_temple_overflow_elements
D:3:      layout_basic, chequers_ecumenical_altar_simple_redux
D:4:      layout_basic, tgw_sif, marbit_many_paths, kennysheep_slug_shrine,
          nicolae_ru_the_path_less_chosen
D:5:      layout_layer_cave, first_ration, serial_shops, nicolae_shop_crystal,
          minmay_manual_moon, uniq_crazy_yiuf_cottage
D:6:      layout_loops_ring, serial_shops, shop, kennysheep_little_box,
          nicolae_shop_waterfront, shop, basic_altar, portal_sewer_entry_d,
          hangedman_feature_mirror, minmay_ruffians, uniq_grinder
D:7:      layout_rooms, minmay_temple_entry_junction, minmay_misc_feat_chi
D:8:      layout_basic
D:9:      layout_cave_pools, tso_oasis_becter, bloody_trog, david_orc_2,
          ebering_ghost_rock_garden, grunt_pizzeria, serial_park_tiny_2
D:10:     layout_basic, david_lair_generic
D:11:     layout_cave_pods
D:12:     layout_roguey, serial_shops, nicolae_shop_trees, uniq_maurice
D:13:     layout_big_octagon, david_vaults_5
D:14:     layout_roguey, minmay_stone_trees_small, uniq_louise
D:15:     gammafunk_depths_entry_grave, layout_basic, serial_park_gazebo
          [serial_park_minivault_5x5_5], uniq_agnes
Temple:   oiseaux_autumnal_temple
Lair:1:   layout_roguey [special_room_bee]
Lair:2:   layout_big_grid, minmay_shoals_entry_lonely_mermaid,
          lemuel_fruit_tree, infiniplex_staircase_pool, lemuel_fruit_fields
Lair:3:   layout_regular_city, dummy_snake_entry
Lair:4:   layout_regular_city, minivault_11, uniq_snorg
Lair:5:   layout_regular_city, dpeg_slime_entry_enclosed_altar,
          portal_ice_cave_entry_imps, gammafunk_ghost_arena,
          minmay_lair_oklob_chamber, infiniplex_staircase_pool_2
Lair:6:   minmay_lair_end_frog_pond, layout_regular_city,
          gammafunk_ghost_cemetery

Skill      XL: |  1  2  3  4  5  6  7  8  9 10 11 12 13 14 |
---------------+-------------------------------------------+-----
Armour         | 4 5 6 7 8 9 10 11 12 | 12.3
Shields        | 4 5 6 8 9 11 12 14 15 16 | 16.5
Long Blades    | 3 4 5 7 8 11 12 14 15 16 | 16.1
Fighting       | 4 5 6 8 9 10 12 13 | 13.0
Dodging        | 1 2 3 4 5 6 |  6.6
Stealth        | 1 2 |  2.0
Invocations    | 2 |  2.5
Evocations     | |  0.3

Action                   |  1- 3 |  4- 6 |  7- 9 | 10-12 | 13-15 || total
-------------------------+-------+-------+-------+-------+-------++-------
Melee: Long sword        |    96 |   171 |   401 |   890 |       ||  1558
       Headbutt          |    14 |    25 |    79 |   242 |   152 ||   512
       Scimitar          |       |       |       |   147 |   509 ||   656
Invok: Heroism           |       |       |       |     6 |     5 ||    11
       Finesse           |       |       |       |     2 |     2 ||     4
Evoke: Wand              |       |       |       |     3 |       ||     3
  Use: Potion            |       |     3 |     3 |     1 |     4 ||    11
       Scroll            |       |       |     7 |     8 |     5 ||    20
 Stab: Confused          |       |       |       |     1 |       ||     1
  Eat: Chunk             |       |     6 |     9 |    18 |    13 ||    46
       Ration            |       |       |     2 |     1 |     1 ||     4
Armor: Scale mail        |    54 |    57 |       |       |       ||   111
       Chain mail        |       |    15 |   151 |   193 |   267 ||   626
       Plate armour      |       |       |    12 |   235 |       ||   247
Dodge: Dodged            |    42 |    61 |    74 |   246 |   181 ||   604
Block: Shield            |    66 |   117 |   231 |   650 |   436 ||  1500
       Rpst.: Long sword |    19 |    22 |    17 |    48 |       ||   106
       Scimitar          |       |       |       |    17 |    42 ||    59
